[Event "Early-Titled-Tuesday-Blitz-November-28-2023"]
[Site "Chess.com"]
[Date "2023.11.28"]
[Round "7"]
[White "Gabrielian_Artur"]
[Black "Artem_Sadovsky"]
[Result "1-0"]
[WhiteElo "2721"]
[BlackElo "2518"]
[TimeControl "180+1"]
[EndTime "9:24:59 PST"]
[Termination "Gabrielian_Artur won on time"]

1. e4 g6 2. d4 Bg7 3. Nc3 d6 4. Be3 e5 5. dxe5 dxe5 6. Qxd8+ Kxd8 7. O-O-O+ Nd7 8. f4 exf4 9. Bxf4 Bh6 10. g3 c6 11.
Nf3 Ke7 12. e5 Bxf4+ 13. gxf4 Nc5 14. Nd4 a5 15. Bg2 Nh6 16. Rhe1 Nf5 17. Nf3 Be6 18.
Bh3 Nh4 19. Nxh4 Bxh3 20. Re3 Bg4 21. Rg1 Be6 22. Nf3 Rad8 23. a3 b5 24. Ne2 Bd5 25. Nfd4 Ne6 26. Rc3 Nxd4 27. Nxd4 b4 28. Rc5 bxa3 29.
bxa3 Ra8 30. c4 Be4 31. Re1 Bg2 32. Re2 Bh1 33. Re1 Bg2 34. Kd2 Rhb8 35. Kc3 Ra6 36. Re2 Bh1 37. Rb2 Rxb2 38. Kxb2 a4 39. Kc3 Be4 40. Kb4 f6 41. h4 Rb6+ 42. Kxa4 1-0

[Event "Early-Titled-Tuesday-Blitz-November-28-2023"]
[Site "Chess.com"]
[Date "2023.11.28"]
[Round "7"]
[White "viktorskliarov"]
[Black "JimDiGrease"]
[Result "1-0"]
[WhiteElo "2642"]
[BlackElo "2933"]
[TimeControl "180+1"]
[EndTime "9:25:00 PST"]
[Termination "viktorskliarov won by checkmate"]

1. e4 c5 2. Nf3 e6 3. c3 d5 4. e5 d4 5. d3 Nc6 6. c4 Nge7 7. Bf4 Ng6 8. Bg3 Qc7 9. Qe2 b6 10.
h4 h5 11. Na3 a6 12. O-O-O Be7 13. Kb1 Bb7 14. Re1 b5 15. Qd2 Qb6 16. Be2 Na5 17. Bd1 bxc4 18. Nxc4 Nxc4 19. dxc4 Bc6 20. Ng5 Rb8 21. Ne4 Bxe4+ 22. Rxe4 Bd8 23. Ba4+ Kf8 24. Bf4 Ne7 25. Bg5 Nf5 26. g4 hxg4 27. Rxg4 Bxg5 28. Rxg5 Qb4 29. Qxb4 Rxb4 30. Bc2 Rxh4 31. Rxh4 Nxh4 32. a3 Rxc4 33. Rh5 Nf3 34. Bd3 Nd2+ 35. Ka2 Rc1 36.
Bxa6 c4 37. Bb5 c3 38. Rh8+ Ke7 39. Re8# 1-0

[Event "Early-Titled-Tuesday-Blitz-November-28-2023"]
[Site "Chess.com"]
[Date "2023.11.28"]
[Round "7"]
[White "WindWhistler11"]
[Black "LileKoridze"]
[Result "1-0"]
[WhiteElo "2562"]
[BlackElo "2380"]
[TimeControl "180+1"]
[EndTime "9:25:00 PST"]
[Termination "WindWhistler11 won by resignation"]

1. e4 c5 2. a3 d6 3. b4 cxb4 4. axb4 Nf6 5. Qf3 Nc6 6. c3 Bd7 7. h3 a6 8. Qe3 Rc8 9. d4 e6 10.
Nf3 Qc7 11. Bd2 d5 12. e5 Ne4 13. Bd3 Nxd2 14. Nfxd2 Be7 15. O-O O-O 16. f4 f6 17.
Nf3 fxe5 18. fxe5 Rf7 19. Nbd2 Rcf8 20. Rf2 Na7 21. Nb3 Bb5 22. Bc2 Bd7 23. Nc5 Nb5 24.
Qd3 g6 25. Raf1 b6 26. Nxd7 Qxd7 27. Ba4 Rc8 28. Nh2 Rxf2 29. Rxf2 Qc6 30. Bxb5 axb5 31.
Rf3 Qc4 32. Qd2 Rf8 33. Rxf8+ Bxf8 34. Ng4 Bg7 35. Kh2 Qc7 36. Qg5 Qf7 37. Nf6+ Bxf6 38. exf6 Qc7+ 39. Qe5 Qf7 40. Kg3 h6 41. h4 Kh7 42.
Kg4 Qe8 43. g3 Qf7 44. Kf4 Qd7 45. Qb8 e5+ 46. Qxe5 h5 47. Qe7+ 1-0

[Event "Early-Titled-Tuesday-Blitz-November-28-2023"]
[Site "Chess.com"]
[Date "2023.11.28"]
[Round "7"]
[White "gpsji27"]
[Black "Mouse-Sleep"]
[Result "1/2-1/2"]
[WhiteElo "2329"]
[BlackElo "2551"]
[TimeControl "180+1"]
[EndTime "9:25:00 PST"]
[Termination "Game drawn by repetition"]

1. d4 Nf6 2. Nf3 c5 3. d5 b5 4. Bg5 Ne4 5. Bf4 d6 6. Nbd2 Nxd2 7. Qxd2 g6 8. e4 a6 9. a4 b4 10. c3 a5 11. Bb5+ Bd7 12. Bxd7+ Nxd7 13. O-O Bg7 14. Bh6 O-O 15. cxb4 axb4 16. Bxg7 Kxg7 17. b3 f6 18. Qb2 Kg8 19. Nd2 Qc7 20. f4 Nb6 21. a5 Nc8 22.
Nc4 Na7 23. e5 Nb5 24. exd6 exd6 25. Rae1 Nc3 26. Qd2 Rae8 27. Rxe8 Rxe8 28. Re1 Ne4 29. Qd3 f5 30. Nd2 Qxa5 31. Nxe4 fxe4 32. Rxe4 Qa1+ 33. Kf2 Qb2+ 34. Kf3 Rxe4 35. Qxe4 Qxb3+ 36. Kg4 Qd1+ 37. Kg3 b3 38. Qe8+ Kg7 39. Qe7+ Kh6 40. Qg5+ Kg7 41. Qe7+ Kg8 42. Qe8+ Kg7 43. Qe7+ 1/2-1/2

[Event "Early-Titled-Tuesday-Blitz-November-28-2023"]
[Site "Chess.com"]
[Date "2023.11.28"]
[Round "7"]
[White "TRadjabov"]
[Black "Grandelicious"]
[Result "0-1"]
[WhiteElo "3019"]
[BlackElo "2944"]
[TimeControl "180+1"]
[EndTime "9:25:01 PST"]
[Termination "Grandelicious won on time"]

1. d4 Nf6 2. Nf3 g6 3. Nc3 d5 4. Bf4 Bg7 5. e3 c6 6. Be2 Bg4 7. Ne5 Bxe2 8. Qxe2 Nbd7 9. O-O-O Qa5 10. Kb1 Nxe5 11. Bxe5 b5 12. Qe1 b4 13. Ne2 Qb5 14. h4 a5 15. h5 Nxh5 16. g4 Bxe5 17. dxe5 Ng7 18. f4 Ne6 19. f5 Nc5 20. Nd4 Qb7 21. Rd2 O-O-O 22. Rdh2 Rhf8 23. Rxh7 gxf5 24. gxf5 Ne4 25.
Ka1 c5 26. Nf3 Qd7 27. R7h5 Rg8 28. Rg1 Rxg1 29. Qxg1 Qb5 30. Qe1 Rg8 31. e6 fxe6 32. fxe6 Rg3 33. Rf5 Rg2 34. Rf8+ Kc7 35. Rf7 Qe2 36.
Qxe2 Rxe2 37. a3 Kd6 38. axb4 axb4 39. Rf4 Rxc2 0-1

[Event "Early-Titled-Tuesday-Blitz-November-28-2023"]
[Site "Chess.com"]
[Date "2023.11.28"]
[Round "7"]
[White "IljaZaragatski"]
[Black "The_Straightforward_Rook"]
[Result "1/2-1/2"]
[WhiteElo "2613"]
[BlackElo "2475"]
[TimeControl "180+1"]
[EndTime "9:25:01 PST"]
[Termination "Game drawn by repetition"]

1. c4 e5 2. g3 Nf6 3. Bg2 c6 4. Nf3 e4 5. Nd4 Qb6 6. e3 d5 7. cxd5 cxd5 8. d3 Bb4+ 9. Bd2 O-O 10.
dxe4 Nxe4 11. O-O Nc6 12. Bxb4 Qxb4 13. Qb3 Qxb3 14. Nxb3 Bf5 15. Rd1 Nb4 16. Nd4 Bg6 17.
Nd2 Rac8 18. N2b3 Rc4 19. a3 Nc2 20. Rac1 Rfc8 21. Nxc2 Rxc2 22. f3 Nf6 23. Rxc2 Rxc2 24. Rd2 Rxd2 25. Nxd2 Kf8 26. Kf2 Ke7 27. Nb3 Kd6 28.
g4 Nd7 29. Ke2 Ne5 30. Nd4 Nc6 31. h4 Nxd4+ 32. exd4 f6 33. Ke3 Bc2 34. Kf4 h6 35. g5 fxg5+ 36. hxg5 h5 37. Bh3 g6 38. Bc8 b6 39.
Bh3 a5 40. Bc8 Bd3 41. Bh3 Bc2 42. Bc8 Bd3 43. Bh3 Bc2 1/2-1/2

[Event "Early-Titled-Tuesday-Blitz-November-28-2023"]
[Site "Chess.com"]
[Date "2023.11.28"]
[Round "7"]
[White "MaxLeto"]
[Black "Good_Knight_Kiss"]
[Result "1-0"]
[WhiteElo "2552"]
[BlackElo "2347"]
[TimeControl "180+1"]
[EndTime "9:25:01 PST"]
[Termination "MaxLeto won on time"]

1. g4 d5 2. Bg2 Bxg4 3. c4 c6 4. Qb3 Qc7 5. cxd5 e5 6. Nc3 Nf6 7.
h3 Bh5 8. d3 Nbd7 9. dxc6 bxc6 10. Be3 Rb8 11. Qc2 Qb7 12. Na4 Bb4+ 13. Kf1 Nd5 14. Rc1 O-O 15. a3 Be7 16. b4 a5 17.
bxa5 Bxa3 18. Ra1 Bb4 19. Bd2 Bxd2 20. Qxd2 Nf4 21. Bf3 Bxf3 22. Nxf3 c5 23. Kg1 f5 24. Kh2 Rf6 25. Rab1 Qa8 26. Rxb8+ Qxb8 27. Rc1 Rg6 28. e3 Rg2+ 29. Kh1 e4 30. dxe4 Nd3 31. Qxd3 1-0

[Event "Early-Titled-Tuesday-Blitz-November-28-2023"]
[Site "Chess.com"]
[Date "2023.11.28"]
[Round "7"]
[White "Aleksandar-Topalov"]
[Black "guillembaches"]
[Result "1-0"]
[WhiteElo "2393"]
[BlackElo "2516"]
[TimeControl "180+1"]
[EndTime "9:25:01 PST"]
[Termination "Aleksandar-Topalov won on time"]

1. b3 d5 2. Bb2 Bf5 3. Nf3 e6 4. g3 Nf6 5. Bg2 h6 6. O-O Nbd7 7. d3 c6 8. Nbd2 Bh7 9. a3 a5 10. Kh1 Bd6 11. e4 Qc7 12. Qe2 dxe4 13. dxe4 e5 14. Nc4 O-O 15. Nxd6 Qxd6 16. Rfd1 Qe7 17. Nh4 Rad8 18. Nf5 Bxf5 19. exf5 Rfe8 20. a4 Nc5 21. Bc3 Qc7 22. Qc4 Nfd7 23. f6 gxf6 24. Qh4 Kg7 25. Bh3 Ne6 26. Bf5 Ndf8 27. Qg4+ Ng6 28. h4 Rxd1+ 29. Rxd1 h5 30. Qxh5 Rd8 31. Re1 Qd6 32. Qg4 Rh8 33. Kg1 Kf8 34. Bxg6 fxg6 35. Qxg6 Qe7 36. Bxe5 fxe5 37. Rxe5 Nd8 38. Rxe7 Kxe7 39.
Qg5+ 1-0

[Event "Early-Titled-Tuesday-Blitz-November-28-2023"]
[Site "Chess.com"]
[Date "2023.11.28"]
[Round "7"]
[White "kubal123"]
[Black "atbenina64"]
[Result "0-1"]
[WhiteElo "2561"]
[BlackElo "2776"]
[TimeControl "180+1"]
[EndTime "9:25:02 PST"]
[Termination "atbenina64 won on time"]

1. e4 c5 2. Nf3 d6 3. d4 cxd4 4. Nxd4 Nf6 5. Nc3 a6 6. h3 e5 7.
Nde2 h5 8. Bg5 Be7 9. Ng3 g6 10. Bc4 h4 11. Nge2 b5 12. Bb3 Bb7 13. Bxf6 Bxf6 14.
Bd5 Nc6 15. O-O Rc8 16. a4 b4 17. Na2 a5 18. c3 Qb6 19. cxb4 axb4 20. Qd3 Ba6 21.
Qf3 Ke7 22. Rfc1 Rhf8 23. Bxc6 Bg5 24. Bd5 Bxc1 25. Naxc1 f5 26. exf5 Rxf5 27. Qe3 Qxe3 28. fxe3 Rg5 29. Be4 Ke6 30. Bd3 Bb7 31. e4 d5 32. a5 dxe4 0-1

[Event "Early-Titled-Tuesday-Blitz-November-28-2023"]
[Site "Chess.com"]
[Date "2023.11.28"]
[Round "7"]
[White "brm72"]
[Black "GMJustin"]
[Result "1-0"]
[WhiteElo "2532"]
[BlackElo "2293"]
[TimeControl "180+1"]
[EndTime "9:25:02 PST"]
[Termination "brm72 won on time"]

1. e4 e5 2. Nf3 Nc6 3. Bc4 Bc5 4. c3 Nf6 5. d3 O-O 6. O-O a6 7. a4 d6 8. b4 Ba7 9. h3 Be6 10. Bb3 Bxb3 11. Qxb3 d5 12. exd5 Qxd5 13. c4 Qd7 14. Bb2 Nd4 15. Bxd4 Bxd4 16. Ra2 Rad8 17. Re2 Rfe8 18.
Rfe1 Qf5 19. Nbd2 h6 20. Ne4 Re6 21. Qc2 Qg6 22. Nxf6+ Qxf6 23. c5 c6 24. Qc4 g6 25.
Nd2 Qf4 26. Ne4 Kg7 27. Nd6 Rdxd6 28. cxd6 Rxd6 29. Rf1 Rd5 30. Re4 Qd2 31. Qc1 Qxb4 32. Kh1 f5 33. Re2 Qxa4 34. f4 Qb5 35. fxe5 Qxd3 36.
Rd2 Qc3 37. Rc2 Qd3 38. e6 Qe4 39. Re1 Qd3 40. e7 1-0

[Event "Early-Titled-Tuesday-Blitz-November-28-2023"]
[Site "Chess.com"]
[Date "2023.11.28"]
[Round "7"]
[White "kunaevchess"]
[Black "deepfear"]
[Result "1/2-1/2"]
[WhiteElo "2234"]
[BlackElo "1923"]
[TimeControl "180+1"]
[EndTime "9:25:02 PST"]
[Termination "Game drawn by stalemate"]

1. e4 c5 2. Nf3 g6 3. d4 cxd4 4. Qxd4 Nf6 5. Nc3 Nc6 6. Qd3 Bg7 7. Be2 O-O 8. O-O d6 9. Nd5 Bg4 10. c3 Bxf3 11. Qxf3 Ne5 12. Nxf6+ Bxf6 13. Qg3 Rc8 14. f4 Nc4 15. Bxc4 Rxc4 16. Be3 Rxe4 17. Qf3 d5 18. Bxa7 Qc7 19. Be3 e6 20. a4 Ra8 21.
Qf2 Rexa4 22. Rxa4 Rxa4 23. Bb6 Qc6 24. g3 Ra6 25. Bd4 Bxd4 26. Qxd4 Qb6 27. Qxb6 Rxb6 28.
b4 Rc6 29. Rc1 d4 30. c4 f6 31. Kf2 e5 32. fxe5 fxe5 33. Kf3 Kf7 34. Ke4 Ke6 35. c5 Rc8 36. b5 h5 37. c6 bxc6 38. bxc6 Kd6 39. c7 Rxc7 40. Rf1 Ke6 41. Ra1 Rc6 42. Ra8 Rd6 43. Rg8 Kf6 44. Re8 Re6 45. Rf8+ Kg7 46.
Ra8 Re7 47. Ra5 Kf6 48. Ra6+ Re6 49. Ra7 g5 50. h4 gxh4 51. gxh4 Rd6 52. Rh7 Kg6 53.
Re7 Kf6 54. Rxe5 d3 55. Rf5+ Ke6 56. Rf1 d2 57. Rd1 Rd8 58. Ke3 Kf6 59. Rxd2 Rxd2 60. Kxd2 Kf5 61. Ke3 Kg4 62. Ke4 Kxh4 63. Kf4 Kh3 64.
Kf3 h4 65. Kf2 Kh2 66. Kf1 h3 67. Kf2 Kh1 68. Kf1 h2 69. Kf2 1/2-1/2

[Event "Early-Titled-Tuesday-Blitz-November-28-2023"]
[Site "Chess.com"]
[Date "2023.11.28"]
[Round "7"]
[White "GMKrikor"]
[Black "Ginzburg_Yakov"]
[Result "0-1"]
[WhiteElo "2775"]
[BlackElo "2619"]
[TimeControl "180+1"]
[EndTime "9:25:03 PST"]
[Termination "Ginzburg_Yakov won by resignation"]

1. Nf3 Nf6 2. c4 c6 3. d4 d5 4. Nc3 dxc4 5. a4 Bf5 6. Nh4 Bg4 7. h3 Bh5 8. g4 Bg6 9. g5 Nd5 10. Nxg6 hxg6 11. e4 Nb4 12. Bxc4 Qxd4 13. Qb3 e6 14. Be3 Nc2+ 15. Qxc2 Qxc4 16. O-O-O Bc5 17. Bxc5 Qxc5 18. Rd3 Qxg5+ 19. Kb1 Na6 20. Rg3 Qe5 21. Qc1 O-O-O 22. f4 Qd4 23. e5 Nb4 24. Rd1 Qc4 25. Re3 Rxd1 26. Qxd1 Rd8 27. Qe2 Qxf4 28. Rf3 Qg5 29. Rxf7 Rd2 30. Qf1 a5 31. Ne4 Qe3 32. Rf8+ Kc7 33.
Nd6 Rxb2+ 34. Kxb2 Qd2+ 0-1

[Event "Early-Titled-Tuesday-Blitz-November-28-2023"]
[Site "Chess.com"]
[Date "2023.11.28"]
[Round "7"]
[White "vishwa_vijeta"]
[Black "Gabix_94"]
[Result "1-0"]
[WhiteElo "2567"]
[BlackElo "2738"]
[TimeControl "180+1"]
[EndTime "9:25:03 PST"]
[Termination "vishwa_vijeta won on time"]

1. e4 e5 2. Nf3 d6 3. d3 f5 4.
exf5 Bxf5 5. Nc3 Nc6 6. Be2 Nf6 7. O-O Be7 8. Re1 O-O 9. Ne4 Kh8 10. Ng3 Be6 11. d4 exd4 12. Bd3 Bg8 13. Nf5 Qd7 14. N3xd4 Bd8 15. Nxc6 bxc6 16. Bd2 c5 17. c4 Bxc4 18.
Bxc4 Qxf5 19. Bc3 Ne4 20. Qc2 Ng3 21. Bd3 Qh5 22. hxg3 d5 23. Re5 Qf7 24. Bxh7 d4 25. Bg6 Qc4 26. Rh5+ Kg8 27. Bh7+ Kf7 28. Qg6+ Ke7 29.
Re1+ Kd7 30. Qxg7+ Kc8 31. Qxf8 dxc3 32. bxc3 Qxc3 33. Rd1 Kb7 34. Be4+ c6 35. Rh7+ Ka6 36. Bxc6 Rb8 37. Qf7 Bb6 38. Qb3 Qxb3 39. axb3 Ka5 40. Bd5 Kb4 41. Bc4 a5 42. Ra1 Rd8 43. g4 Rd4 44. g5 Rg4 45. Rh3 1-0

[Event "Early-Titled-Tuesday-Blitz-November-28-2023"]
[Site "Chess.com"]
[Date "2023.11.28"]
[Round "7"]
[White "kkpanu9"]
[Black "JoliyRoger"]
[Result "1-0"]
[WhiteElo "2094"]
[BlackElo "2489"]
[TimeControl "180+1"]
[EndTime "9:25:03 PST"]
[Termination "kkpanu9 won on time"]

1. e4 c6 2. d4 d5 3. exd5 cxd5 4. Bd3 Nc6 5. c3 g6 6. Bg5 Bg7 7. Nf3 Nh6 8. Nbd2 O-O 9. O-O f6 10. Bf4 Nf7 11. Bg3 e5 12. Be2 e4 13. Ne1 f5 14. f3 e3 15. Nb3 Nd6 16. Nd3 h5 17. Bxd6 Qxd6 18. f4 h4 19. Rf3 a5 20.
a4 g5 21. fxg5 f4 22. h3 Bd7 23. Qf1 Rf5 24. Rxf4 Raf8 25. Rxf5 Bxf5 26. Qe1 Bxd3 27. Bxd3 Qf4 28. Qe2 Qxg5 29. Nc5 Rf2 30. Qg4 Qxg4 31. hxg4 b6 32. Ne6 Rxb2 33. Nf4 Rb3 34. Nxd5 Bh6 35. Bc4 Rb2 36. Rf1 1-0

[Event "Early-Titled-Tuesday-Blitz-November-28-2023"]
[Site "Chess.com"]
[Date "2023.11.28"]
[Round "7"]
[White "andrzej"]
[Black "tylityli"]
[Result "1-0"]
[WhiteElo "2452"]
[BlackElo "2272"]
[TimeControl "180+1"]
[EndTime "9:25:03 PST"]
[Termination "andrzej won on time"]

1. e4 e5 2. Nf3 Nc6 3. Bb5 a6 4. Ba4 Nf6 5. O-O Be7 6. Re1 b5 7. Bb3 d6 8. c3 O-O 9. h3 Nd7 10. d4 Bf6 11. d5 Ne7 12. Be3 Ng6 13. a4 Rb8 14. Nbd2 b4 15. Nc4 Nc5 16. Bxc5 dxc5 17. Rb1 Bd7 18. Qd2 Re8 19. Qe3 Nf4 20. Kh2 Qe7 21. Ng1 Bg5 22. Qf3 Qf6 23. g3 Ng6 24. h4 Bxh4 25. Qxf6 Bxf6 26. Nf3 h6 27. Nfd2 Be7 28. Bc2 Bd6 29. Ra1 Rf8 30. Bd3 Rfe8 31. Nxd6 cxd6 32. Bxa6 Ra8 33. Bb5 1-0

[Event "Early-Titled-Tuesday-Blitz-November-28-2023"]
[Site "Chess.com"]
[Date "2023.11.28"]
[Round "7"]
[White "jaskol95"]
[Black "olksuna"]
[Result "0-1"]
[WhiteElo "2545"]
[BlackElo "2742"]
[TimeControl "180+1"]
[EndTime "9:25:04 PST"]
[Termination "olksuna won by resignation"]

1. d4 Nf6 2. Nf3 g6 3. g3 Bg7 4. Bg2 O-O 5. O-O d5 6. c4 c6 7.
Nc3 dxc4 8. Ne5 Ne8 9. Qc2 Qxd4 10. Nf3 Qb6 11. Be3 Qa5 12. h4 Nd6 13. h5 Bf5 14.
Qd2 Nd7 15. hxg6 hxg6 16. Nd4 Rad8 17. Bh6 Qe5 18. Bxg7 Qxg7 19. Nxf5 Nxf5 20. Qf4 Nb6 21. e4 e5 22. Qg5 Nd4 23. a4 Nd7 24. f4 Rde8 25.
f5 gxf5 26. Qh4 Qf6 27. Qh3 Qg5 28. exf5 Nf6 29. Rae1 Kg7 30. Ne4 Nxe4 31. Rxe4 Rh8 32. f6+ Kg6 33. Qd7 Rd8 34. Qc7 Qxg3 35. Rxe5 Ne2+ 36.
Rxe2 Qxc7 37. Be4+ Kh6 38. Rf3 Rhg8+ 39. Kf1 Rd1+ 40.
Kf2 Rh1 41. Ke3 Rh4 42. Rff2 Rxe4+ 43. Kxe4 Re8+ 44. Kd4 Rxe2 45. Rxe2 Qd6+ 46. Kxc4 Qxf6 47. Rh2+ Kg7 48. Rg2+ Kf8 49. Rd2 Qe6+ 50. Kc5 Qe3+ 51. Rd4 f5 52. b4 f4 53. b5 0-1

[Event "Early-Titled-Tuesday-Blitz-November-28-2023"]
[Site "Chess.com"]
[Date "2023.11.28"]
[Round "7"]
[White "Kotlyar_K"]
[Black "AccioChess"]
[Result "0-1"]
[WhiteElo "2649"]
[BlackElo "2500"]
[TimeControl "180+1"]
[EndTime "9:25:04 PST"]
[Termination "AccioChess won by resignation"]

1. e4 c5 2. Nf3 d6 3. d4 cxd4 4. Qxd4 Nf6 5. e5 Qa5+ 6. Bd2 dxe5 7. Nxe5 Qb6 8. Qxb6 axb6 9. Nc4 Nfd7 10. Nc3 f6 11.
O-O-O e6 12. Bd3 Bb4 13. Nb5 Bxd2+ 14. Rxd2 O-O 15. a3 Nc6 16. b4 Nce5 17. Be2 Nxc4 18. Bxc4 Ne5 19. Be2 Bd7 20. Kb2 Bxb5 21. Bxb5 Rfd8 22.
Rhd1 Rxd2 23. Rxd2 g5 24. h3 Kf7 25. Rd6 Rc8 26.
Rxb6 Rc7 27. a4 Ke7 28. a5 h5 29. Kb3 g4 30. Be2 f5 31. b5 Nd7 32. c4 Nxb6 33.
axb6 Rc5 34. hxg4 hxg4 35. f3 Re5 36. Bd1 Re1 37. Kc2 Rg1 38. fxg4 fxg4 39. Kd3 Rxd1+ 0-1

[Event "Early-Titled-Tuesday-Blitz-November-28-2023"]
[Site "Chess.com"]
[Date "2023.11.28"]
[Round "7"]
[White "SmirnovTimofey2000"]
[Black "queen_iryna"]
[Result "1-0"]
[WhiteElo "2090"]
[BlackElo "2296"]
[TimeControl "180+1"]
[EndTime "9:25:04 PST"]
[Termination "SmirnovTimofey2000 won by resignation"]

1. d4 d6 2. Bf4 g6 3. Nc3 Bg7 4. e4 Nc6 5. Nf3 Nf6 6. e5 dxe5 7. dxe5 Ng4 8. Qxd8+ Nxd8 9. Nd5 Ne6 10. Bg3 c6 11.
Nc3 h5 12. h3 Nh6 13. O-O-O Nf5 14. Bh2 Bd7 15. Bc4 O-O-O 16. Bxe6 Bxe6 17. Ng5 Rxd1+ 18. Rxd1 Rd8 19. Nxe6 Rxd1+ 20. Kxd1 fxe6 21. f4 Kd7 22. Bg1 h4 23. Bxa7 g5 24. fxg5 Bxe5 25. Bf2 Bxc3 26. bxc3 e5 27. Ke2 Ke6 28. Kf3 Nd6 29. Bxh4 Kf5 30. g6 Kxg6 31. Bxe7 Nf5 32. Bd8 Kf7 33. Ke4 Ke6 34. g4 Nd6+ 35. Ke3 Kd5 36. g5 Nc4+ 37.
Ke2 e4 38. g6 Ke6 39. g7 Kf7 40. Bf6 b5 41. h4 Kg8 42. h5 Kh7 43. h6 Nd6 44. Ke3 Nf5+ 45. Kxe4 Nxh6 46. Ke5 Ng4+ 47. Ke6 Kg8 48. Bd4 Nh2 49. Kd6 b4 50. cxb4 Nf3 51. Bb2 Ne1 52. Kxc6 Nxc2 53. b5 Nb4+ 54. Kc5 Nxa2 55.
b6 1-0

[Event "Early-Titled-Tuesday-Blitz-November-28-2023"]
[Site "Chess.com"]
[Date "2023.11.28"]
[Round "7"]
[White "CristianS27"]
[Black "Iball95"]
[Result "0-1"]
[WhiteElo "2584"]
[BlackElo "2836"]
[TimeControl "180+1"]
[EndTime "9:25:05 PST"]
[Termination "Iball95 won on time"]

1. e4 c5 2. Nf3 e6 3. d4 cxd4 4.
Nxd4 Nf6 5. Nc3 Nc6 6. Ndb5 Bc5 7. Bf4 O-O 8. Bc7 Qe7 9. Bd6 Bxd6 10. Qxd6 Qd8 11.
O-O-O a6 12. Nd4 Ne7 13. a4 Ne8 14. Qb4 d6 15. a5 Nc6 16. Nxc6 bxc6 17. e5 c5 18. Qa3 Qc7 19. Ne4 d5 20. Nxc5 Qxe5 21. Bd3 Nf6 22. g3 Nd7 23. Rhe1 Qd6 24. Nxd7 Qxa3 25.
bxa3 Bxd7 26. Kd2 Rfc8 27. Rb1 Rc5 28. Rb7 Be8 29. Reb1 Rxa5 30. Re7 Kf8 31. Rbb7 g6 32. h4 Rxa3 33. h5 Ra5 34. hxg6 hxg6 35. Bxg6 Rb5 36. Rbc7 Rc5 37. Rb7 Rac8 38. Bxf7 Rxc2+ 39. Ke1 Rb2 40. Kd1 Rxb7 41. Rxb7 Bxf7 0-1

[Event "Early-Titled-Tuesday-Blitz-November-28-2023"]
[Site "Chess.com"]
[Date "2023.11.28"]
[Round "7"]
[White "NowInChess"]
[Black "Jojo_898"]
[Result "1-0"]
[WhiteElo "2192"]
[BlackElo "2371"]
[TimeControl "180+1"]
[EndTime "9:25:05 PST"]
[Termination "NowInChess won by checkmate"]

1. e4 d6 2. d3 Nf6 3. g3 g6 4.
Bg2 Bg7 5. f4 O-O 6. Nf3 c5 7.
O-O Nc6 8. Nc3 b5 9. Nxb5 Rb8 10. Nc3 c4 11. h3 Ba6 12. Kh2 cxd3 13. cxd3 Nb4 14.
Ne1 Qb6 15. a3 Nc6 16. Nf3 Na5 17. b4 Nc6 18. Rb1 Nd4 19. Be3 Nxf3+ 20. Qxf3 Qc6 21. Bd4 Ng4+ 22. hxg4 Bxd4 23. Nd5 Qd7 24. g5 h5 25.
gxh6 Kh7 26. f5 Kxh6 27. Bh3 g5 28. Kg2 Bf6 29. Bg4 Kg7 30. Rh1 Rh8 31. Rxh8 Rxh8 32.
Rc1 Bb7 33. Rc7 Qb5 34. Nxe7 Qb6 35. Rxb7 Qxb7 36. Nd5 Qc6 37. Qe3 Qc2+ 38. Be2 Bd4 39. Qxd4+ Kf8 40. Qxh8# 1-0

[Event "Early-Titled-Tuesday-Blitz-November-28-2023"]
[Site "Chess.com"]
[Date "2023.11.28"]
[Round "7"]
[White "angryspacevoid"]
[Black "Aguiar94"]
[Result "1-0"]
[WhiteElo "2484"]
[BlackElo "2611"]
[TimeControl "180+1"]
[EndTime "9:25:06 PST"]
[Termination "angryspacevoid won on time"]

1. e4 c5 2. Nc3 Nc6 3. Nf3 e6 4. d4 cxd4 5. Nxd4 Qc7 6. g3 a6 7. Bg2 Nf6 8. O-O d6 9. Nxc6 bxc6 10. Be3 Be7 11. f4 O-O 12. g4 Rb8 13. Rb1 Re8 14.
g5 Nd7 15. h4 d5 16. f5 Qg3 17. Rf3 Qxh4 18. Rh3 Qxg5 19. Bxg5 Bxg5 20. Qh5 h6 21. fxe6 Rxe6 22. exd5 cxd5 23. Nxd5 Ne5 24. Rf1 Rg6 25. Rc3 Bg4 26. Qh2 Re8 27. Nc7 Re7 28. Nd5 Re8 29.
Nf4 Rd6 30. Nd3 Rde6 31. Nc5 R6e7 32. Ne4 Ng6 33. Nxg5 hxg5 34. Rg3 Ne5 35. Be4 g6 36. Qh6 Be6 37. Rxg5 Bd7 38. Bd5 1-0

[Event "Early-Titled-Tuesday-Blitz-November-28-2023"]
[Site "Chess.com"]
[Date "2023.11.28"]
[Round "7"]
[White "Kostya0705"]
[Black "VladimirBugayev"]
[Result "1-0"]
[WhiteElo "2539"]
[BlackElo "2333"]
[TimeControl "180+1"]
[EndTime "9:25:06 PST"]
[Termination "Kostya0705 won on time"]

1. e4 c6 2. d4 d5 3. e5 Bf5 4. Nf3 e6 5. Be2 Nd7 6. O-O Ne7 7.
a4 Nc8 8. a5 a6 9. c3 Na7 10.
b4 Nb5 11. Qb3 f6 12. exf6 Qxf6 13. Bg5 Qg6 14. Bf4 Bd6 15. Bxd6 Nxd6 16. Nh4 Qf6 17. Nxf5 exf5 18. Nd2 O-O 19. Bd3 Kh8 20. Rfe1 Rae8 21. Nf3 Ne4 22. c4 dxc4 23. Qxc4 Qd6 24. Rad1 Qf4 25. Qc2 Ndf6 26. Ne5 Rd8 27. f3 Rxd4 28. Nxc6 bxc6 29. fxe4 fxe4 30. Be2 Rxd1 31. Qxd1 Nd5 32. Rf1 Qe3+ 33. Kh1 Rxf1+ 34. Qxf1 h6 35. Bxa6 Nxb4 36.
Bc4 Nd3 37. h3 Nf2+ 38. Kh2 Qd4 39. a6 e3 40. Qe2 1-0

[Event "Early-Titled-Tuesday-Blitz-November-28-2023"]
[Site "Chess.com"]
[Date "2023.11.28"]
[Round "7"]
[White "DawidCzerw"]
[Black "Chessbard1972"]
[Result "1-0"]
[WhiteElo "2538"]
[BlackElo "2403"]
[TimeControl "180+1"]
[EndTime "9:25:07 PST"]
[Termination "DawidCzerw won on time"]

1. e4 c5 2. Nf3 a6 3. d4 cxd4 4. c3 dxc3 5. Nxc3 e6 6. Bc4 Nc6 7. O-O b5 8. Bb3 Na5 9. Bc2 Ne7 10. Qe2 Bb7 11. Rd1 Qc7 12. Bg5 f6 13. Bh4 Rc8 14. Rac1 Nc4 15. b3 Nb2 16. Rd3 Nxd3 17. Bxd3 b4 18. e5 f5 19. Nd4 bxc3 20. Qh5+ Ng6 21.
Nxf5 Qxe5 22. Bg3 Qf6 23. Nh4 Ba3 24. Nxg6 hxg6 25. Qxh8+ Ke7 26. Qh3 Bxc1 27. Qg4 g5 28. h4 Rc5 29. hxg5 Bxg5 30. Qb4 d6 31. Qxb7+ Kf8 32.
Bxd6+ Kg8 33. Bxc5 c2 34. Bxc2 Bf4 35. g3 Be5 36. Qc8+ Kf7 37. Qd7+ Kg8 38. Qe8+ 1-0

[Event "Early-Titled-Tuesday-Blitz-November-28-2023"]
[Site "Chess.com"]
[Date "2023.11.28"]
[Round "7"]
[White "shimastream"]
[Black "FM-to-GM"]
[Result "1-0"]
[WhiteElo "2938"]
[BlackElo "2669"]
[TimeControl "180+1"]
[EndTime "9:25:08 PST"]
[Termination "shimastream won by resignation"]

1. Nf3 Nf6 2. c4 c6 3. g3 d5 4. Bg2 g6 5. b3 Bg7 6. Bb2 O-O 7. O-O a5 8. Nc3 a4 9. Nxa4 dxc4 10. bxc4 Qa5 11. Nc3 Ne4 12. Nxe4 Bxb2 13. Rb1 Qxa2 14. d3 Bg7 15. Nc5 Qa7 16. Nb3 Rd8 17. Qc2 Nd7 18. Rfc1 Nc5 19. Nxc5 Qxc5 20. Nd2 h5 21. Ne4 Qa5 22.
h4 Qa2 23. Bf3 Bd4 24. Kg2 Qxc2 25. Rxc2 e5 26. e3 Ba1 27. Rcc1 f5 28. Rxa1 Rxa1 29. Rxa1 fxe4 30. Bxe4 Kf7 31. Rb1 Rd7 32. f4 exf4 33. gxf4 Kf6 34. Kf3 Re7 35. c5 Bg4+ 36. Kf2 Bf5 37.
Bxf5 Kxf5 38. Kf3 Rd7 39. d4 Re7 40. Rg1 Kf6 41. e4 Rd7 42. Ke3 Rd8 43. Rb1 Rd7 44.
Rb6 Kf7 45. Kd3 Ke7 46. Kc4 Kd8 47. d5 Kc7 48. d6+ Kd8 49. Kd4 Rf7 50. Ke3 Ke8 51.
e5 1-0

[Event "Early-Titled-Tuesday-Blitz-November-28-2023"]
[Site "Chess.com"]
[Date "2023.11.28"]
[Round "7"]
[White "HATilay"]
[Black "Zavgorodniy_Sergiy"]
[Result "1/2-1/2"]
[WhiteElo "2519"]
[BlackElo "2691"]
[TimeControl "180+1"]
[EndTime "9:25:08 PST"]
[Termination "Game drawn by repetition"]

1. d4 Nf6 2. c4 e6 3. Nc3 Bb4 4. e3 b6 5. Ne2 Ne4 6. Bd2 Nxd2 7.
Qxd2 Ba6 8. a3 Be7 9. Nf4 O-O 10. Bd3 c6 11. O-O d5 12. cxd5 cxd5 13. Rfc1 Bxd3 14. Nxd3 a6 15. Na4 Nd7 16. Rc3 b5 17. Nac5 Nxc5 18. Nxc5 Ra7 19. Rac1 Qb8 20. R3c2 h5 21. Qa5 Bd8 22. Qd2 g6 23. Qe2 Be7 24. Qf3 Kg7 25. b4 a5 26. bxa5 Bxc5 27. Rxc5 Rxa5 28. Rc7 Rxa3 29. Qf4 Ra7 30. h4 b4 31. Rxa7 Qxa7 32.
Rc7 Qb6 33. g4 b3 34. gxh5 b2 35. h6+ Kh7 36. Rxf7+ Rxf7 37. Qxf7+ Kxh6 38. Qf8+ Kh7 39. Qf7+ Kh6 40. Qf8+ Kh7 41. Qf7+ Kh6 1/2-1/2